AoeStats
← _YuX_

Scandinavia

510297436Analyzed
1v1 RM · 1d ago on Sep 30, 2026· 30m 19s· 2 players
Game mode
Random Map
Map size
Tiny (2 player)
Population
200
Speed
Normal
Resources
Standard
Victory
Conquest
Starting age
Dark Age
Ending age
Imperial Age
RankedLock teamsTeams togetherTeam positionsShared explorationLock speedFull tech treeHidden civsTurbo modeCheats
Victory
Defeat
🇷🇴 Saracens · Romania
1515
+12
🇦🇷 Huns · Argentina
1432
-12
_YuX_
8:04 Loom
10:10 Feudal Age
14:27 Castle Age
12:19 Double-Bit Axe
14:07 Fletching
15:55 Bodkin Arrow
25:23 Ballistics
29:06 Padded Archer Armor
Sarbu
7:11 Loom
10:09 Feudal Age
11:05 Double-Bit Axe
17:07 Castle Age
15:59 Fletching
18:10 Crossbowman
19:29 Fishing Lines
21:44 Bodkin Arrow
25:32 Padded Archer Armor
Connection lost

Rejoining the realm…

Still unreachable

The connection could not be restored.

Session expired

The server has moved on; the page needs a fresh start.